 Dungeon Crawl Stone Soup version 0.29.0-13-gc9e81de378 (webtiles) character file.

Game seed: 13123744980275505360

60 groovy9 the Chopper (level 3, 0/31 HPs)
             Began as a Minotaur Fighter on Sept 9, 2022.
             Slain by a gnoll
             ... wielding a +0 halberd
              (10 damage)
             ... on level 2 of the Dungeon.
             The game lasted 00:02:11 (1055 turns).

groovy9 the Chopper (Minotaur Fighter)              Turns: 1055, Time: 00:02:12

Health: 0/31       AC:  8    Str: 22    XL:     3   Next: 80%
Magic:  2/2        EV:  9    Int:  5    God:
Gold:   25         SH:  4    Dex:  9    Spells: 2/2 levels left

rFire   . . .      SeeInvis .   a - +0 war axe
rCold   . . .      Faith    .   c - +0 buckler
rNeg    . . .      Spirit   .   b - +0 scale mail
rPois   .          Reflect  .   (helmet restricted)
rElec   .          Harm     .   (no cloak)
rCorr   .          Rampage  .   (no gloves)
Will    .....                   m - +0 pair of boots
Stlth   ..........              (no amulet)
HPRegen 0.10/turn               (no ring)
MPRegen 0.08/turn               (no ring)

@: no status effects
A: horns 2, retaliatory headbutt
a: no special abilities


You were on level 2 of the Dungeon.
You visited 1 branch of the dungeon, and saw 2 of its levels.

You collected 25 gold pieces.

Inventory:

Hand Weapons
 a - a +0 war axe (weapon)
Armour
 b - a +0 scale mail (worn)
 c - a +0 buckler (worn)
 m - a +0 pair of boots (worn)
Jewellery
 o - a ring of protection from fire
Scrolls
 f - a scroll of butterflies {unknown}
 g - 2 scrolls of identify {unknown}
 i - a scroll of fear {unknown}
 j - a scroll of immolation {unknown}
 l - a scroll of noise {unknown}
 n - a scroll of poison {unknown}
Potions
 d - a potion of might
 e - a potion of mutation {unknown}
 h - a potion of haste {unknown}
 k - a potion of berserk rage {unknown}


   Skills:
 - Level 3.6 Fighting
 + Level 5.1 Axes
 - Level 3.6 Armour
 - Level 3.6 Shields


You had 2 spell levels left.
You didn't know any spells.
Your spell library contained the following spells:

 Spells                   Type           Power      Damage    Failure   Level
 Tukima's Dance           Hex            0%         N/A       99%         3
 Passage of Golubria      Tloc           0%         N/A       100%        4
 Yara's Violent Unravell  Hex/Tmut       0%         3d3       100%        5


Dungeon Overview and Level Annotations

Branches:
Dungeon (2/15)

Altars:

Shops:
D:1 :


Innate Abilities, Weirdness & Mutations

You have a pair of horns on your head.
You reflexively headbutt those who attack you in melee.


Message History

You are too injured to fight recklessly!
You are too injured to fight recklessly!
You are too injured to fight recklessly!
You are too injured to fight recklessly!
You are too injured to fight recklessly!
You are too injured to fight recklessly!
You are too injured to fight recklessly!
You are too injured to fight recklessly!
You are too injured to fight recklessly!
You are too injured to fight recklessly!
You barely miss the gnoll. You headbutt the gnoll!
The gnoll is severely wounded.
The gnoll closely misses you. The gnoll misses you.
You hit the gnoll.
You kill the gnoll!
The gnoll barely misses you. The gnoll closely misses you.
The gnoll hits you but does no damage.
You see here a +0 halberd.
You hit the gnoll.
The gnoll is moderately wounded.
The gnoll barely misses you. The gnoll closely misses you.
The gnoll barely misses you.
The gnoll hits you from afar with a +0 halberd.
You closely miss the gnoll. Your headbutt misses the gnoll.
The gnoll is moderately wounded.
The gnoll completely misses you. The gnoll barely misses you.
You slash the gnoll!
You kill the gnoll!
The gnoll barely misses you.
Your Axes skill increases to level 5!
You block the gnoll's attack.
Things that are here:
a +0 halberd; a gnoll corpse You hit the gnoll.
The gnoll is moderately wounded.
The gnoll hits you but does no damage. The gnoll hits you with a +0 halberd.
You hit the gnoll but do no damage. You headbutt the gnoll.
The gnoll is severely wounded.
The gnoll hits you with a +0 halberd!
You die...

#. .# #. .
#.#. #...
#.<#
#..#######
#.........
#g# #@# #)#
#.# #.# #.#
#####
#.###...#
#.......##.#
#####...##.#
##.###.#


You could see a gnoll.

Vanquished Creatures
  2 gnolls (D:2)
  An adder (D:2)
  A dart slug (D:1)
  3 endoplasms (D:1)
  A giant cockroach (D:2)
  4 goblins
  2 hobgoblins
  4 jackals (D:2)
  4 kobolds
  A quokka (D:1)
  3 ball pythons (D:1)
  A bat (D:1)
  A frilled lizard (D:2)
28 creatures vanquished.

Notes
Turn   | Place    | Note
-------+----------+-------------------------------------------
     0 | D:1      | groovy9 the Minotaur Fighter began the quest for the Orb.
     0 | D:1      | Reached XP level 1. HP: 19/19 MP: 0/0
   197 | D:1      | Reached skill level 3 in Axes
   251 | D:1      | Reached XP level 2. HP: 15/26 MP: 1/1
   387 | D:1      | Found a faded altar of an unknown god.
   535 | D:1      | Found Digokiaf's Vocational Training.
   749 | D:2      | Reached skill level 4 in Axes
   836 | D:2      | Reached XP level 3. HP: 31/31 MP: 2/2
  1053 | D:2      | Reached skill level 5 in Axes
  1055 | D:2      | Slain by a gnoll

Illustrated notes

Levels and vault maps discovered:
D:1:      psy_arrival_fountain, layout_basic,
          hellmonk_ecumenical_altar_lost_god, nicolae_shop_vocational
D:2:      layout_loops_ring

Skill      XL: |  1  2  3 |
---------------+----------+-----
Axes           | 3 4 5 |  5.1
Fighting       | |  3.6
Armour         | |  3.6
Shields        | |  3.6

Action                   || total
-------------------------++-------
Melee: War axe           ||    46
       Headbutt          ||     8
Armor: Scale mail        ||    28
Dodge: Dodged            ||    27
Block: Buckler           ||     5
